 Dungeon Crawl Stone Soup version 0.29.0-4-gdea44cf6ec (webtiles) character file.

Game seed: 6761671144473238447

140 qw the Chopper (level 5, 0/30 HPs)
             Began as a Tengu Warper on Aug 28, 2022.
             Slain by a white imp (3 damage)
             ... on level 3 of the Dungeon.
             The game lasted 00:00:15 (2109 turns).

qw the Chopper (Tengu Warper)                       Turns: 2109, Time: 00:00:15

Health: 0/30       AC:  1    Str: 14    XL:     5   Next: 23%
Magic:  9/9        EV: 14    Int: 13    God:
Gold:   90         SH:  0    Dex: 13    Spells: 8/8 levels left

rFire   . . .      SeeInvis .   Y - +2 hand axe
rCold   . . .      Faith    .   (no shield)
rNeg    . . .      Spirit   .   b - +0 leather armour
rPois   .          Reflect  .   g - +1 hat
rElec   .          Harm     .   a - +0 cloak
rCorr   .          Rampage  .   (no gloves)
Will    .....                   (boots unavailable)
Stlth   +.........              (no amulet)
HPRegen 0.10/turn               (no ring)
MPRegen 0.11/turn               (no ring)

@: about to teleport, corroded, flying quickly and evasively, quick
A: beak, talons 3, nimble flight
a: no special abilities


You were on level 3 of the Dungeon.
You visited 1 branch of the dungeon, and saw 3 of its levels.

You collected 90 gold pieces.


Innate Abilities, Weirdness & Mutations

You have a beak for a mouth.
You have claws for feet.
Your magical nature lets you fly swiftly and evasively.


   Skills:
 - Level 2.0 Fighting
 + Level 5.8 Axes
 - Level 1.0 Throwing
 - Level 1.1 Armour
 - Level 2.1 Dodging
 - Level 2.0 Spellcasting
 - Level 2.4 Translocations


You had 8 spell levels left.
You didn't know any spells.
Your spell library contained the following spells:

 Spells                   Type           Power      Damage    Failure   Level
 Blink                    Tloc           14%        N/A       19%         2
 Gell's Gravitas          Tloc           7%         N/A       34%         3
 Lesser Beckoning         Tloc           7%         N/A       34%         3
 Teleport Other           Tloc           7%         N/A       34%         3
 Manifold Assault         Tloc           7%         N/A       97%         5

Inventory:

Hand Weapons
 i - a +0 flail
 Y - a +2 hand axe (weapon)
Missiles
 k - 2 boomerangs
 l - 2 javelins (quivered)
Armour
 a - a +0 cloak (worn)
 b - a +0 leather armour (worn)
 c - a +0 scale mail
 d - a +0 chain mail
 g - a +1 hat (worn)
Scrolls
 h - 2 scrolls of teleportation
Potions
 e - a potion of lignification {unknown}
 f - 2 potions of might
 j - a potion of flight {unknown}
 m - a potion of curing {unknown}

Dungeon Overview and Level Annotations

Branches:
Dungeon (3/15)

Altars:


Message History

You hit the jelly.
You kill the jelly!
You have reached level 5!
Your magical nature develops, letting you fly swiftly and evasively.
You start resting.
A white imp is nearby!
An orc comes into view. It is wielding a +0 falchion.
The white imp closely misses you.
The orc shouts!
You hit the white imp but do no damage.
You peck the white imp, but do no damage.
The white imp gestures at you. The puff of frost hits you!
You barely miss the white imp. The white imp barely misses you.
You closely miss the white imp. Your kick misses the white imp.
You peck the white imp, but do no damage.
The white imp gestures at you. The puff of frost hits you!
You closely miss the white imp.
You claw the white imp, but do no damage.
The white imp misses you.
You hit the white imp. Your kick misses the white imp.
The white imp is lightly wounded.
The white imp misses you.
You hit the white imp.
The white imp is lightly wounded.
You closely miss the orc. The white imp barely misses you.
The orc hits you with a +0 falchion.
2108 ||| READING 3 scrolls of teleportation.
As you read the scroll of teleportation, it crumbles to dust.
You feel strangely unstable. The orc closely misses you.
The white imp lashes its tail.
The white imp hits you. The white imp freezes you.
You hit the white imp but do no damage. Your peck misses the white imp.
The white imp is lightly wounded.
You hit the orc but do no damage. The white imp hits you.
You die...

##....####...#....).)...#
#
#....#........|....%...#
#....#........##########
######.....##.#
######......##.###
.........##......#
#........### #...#
#.......## #...##
#.......######.#@.#
#......!.......#o5#
################..# #...
#.... ##...# #.>. ##.#


You could see a white imp and an orc.

Vanquished Creatures
  A jelly (D:3)
  An orc wizard (D:3)
  An adder (D:2)
  A worm (D:2)
  A dart slug (D:2)
  4 orcs (D:3)
  4 ball pythons
  7 bats
  4 endoplasms
  6 giant cockroaches
  8 goblins
  7 hobgoblins
  2 jackals (D:3)
  9 kobolds
  2 quokkas
  3 frilled lizards
  6 rats
67 creatures vanquished.

Notes
Turn   | Place    | Note
-------+----------+-------------------------------------------
     0 | D:1      | qw the Tengu Warper began the quest for the Orb.
     0 | D:1      | Reached XP level 1. HP: 12/12 MP: 4/4
     0 | D:1      | 0 ||| qw: Version: 0.1-a-89-g26bdef1
     0 | D:1      | 0 ||| qw: Game counter: 2276
     0 | D:1      | 0 ||| qw: Always use a shield: true
     0 | D:1      | 0 ||| qw: God list: Okawaru
     0 | D:1      | 0 ||| qw: Allow faded altars: false
     0 | D:1      | 0 ||| qw: Do Orc after D:15 true
     0 | D:1      | 0 ||| qw: Do second Lair branch before Depths: true
     0 | D:1      | 0 ||| qw: Lair rune preference: random
     0 | D:1      | 0 ||| qw: Plans: Normal
     0 | D:1      | 0 ||| PLANNING D:1-11
   289 | D:1      | Reached skill level 3 in Axes
   289 | D:1      | Reached XP level 2. HP: 17/17 MP: 6/6
   709 | D:1      | 709 ||| Stepping ~*~*~tactically~*~*~ (stealth).
   858 | D:1      | Reached XP level 3. HP: 21/21 MP: 7/7
  1188 | D:1      | Found a faded altar of an unknown god.
  1189 | D:1      | 1189 ||| UPGRADING to +1 hat.
  1194 | D:1      | 1194 ||| READING scroll labelled KIMUC IDGHISOUR.
  1195 | D:1      | 1195 ||| READING scroll labelled WYBBUADENU.
  1196 | D:1      | 1196 ||| READING scroll labelled LITATW PEBENIENIU.
  1197 | D:1      | 1197 ||| DROPPING scroll of blinking.
  1231 | D:2      | Reached skill level 4 in Axes
  1244 | D:2      | 1244 ||| STAIRDANCE
  1413 | D:2      | 1413 ||| READING scroll of enchant weapon.
  1413 | D:2      | 1413 ||| ENCHANTING +1 hand axe.
  1468 | D:2      | 1468 ||| FLEEEEING.
  1469 | D:2      | 1469 ||| FLEEEEING.
  1519 | D:2      | 1519 ||| Stepping ~*~*~tactically~*~*~ (stealth).
  1556 | D:2      | 1556 ||| DROPPING +0 whip.
  1757 | D:2      | Reached XP level 4. HP: 26/26 MP: 8/8
  1840 | D:2      | 1840 ||| UPGRADING to +0 cloak.
  1845 | D:2      | 1845 ||| READING 2 scrolls labelled FEIMETYGGE.
  1846 | D:2      | 1846 ||| READING 2 scrolls labelled FAGUUNY ZATH.
  1847 | D:2      | 1847 ||| READING 3 scrolls labelled FYNLIO UTREKYTZ.
  1852 | D:2      | 1852 ||| READING scroll labelled VEUSOD FUOWYD.
  1853 | D:2      | 1853 ||| DRINKING 2 yellow potions.
  1854 | D:2      | 1854 ||| DRINKING 2 grey potions.
  1855 | D:2      | 1855 ||| DROPPING scroll of vulnerability.
  1856 | D:2      | 1856 ||| DROPPING scroll of butterflies.
  1857 | D:2      | 1857 ||| DROPPING potion of attraction.
  1885 | D:3      | Reached skill level 5 in Axes
  2036 | D:3      | 2036 ||| Stepping ~*~*~tactically~*~*~ (stealth).
  2094 | D:3      | 2094 ||| Stepping ~*~*~tactically~*~*~ (stealth).
  2096 | D:3      | 2096 ||| Stepping ~*~*~tactically~*~*~ (hiding).
  2099 | D:3      | Gained mutation: Your magical nature lets you fly swiftly
                  | and evasively. [Tengu growth]
  2099 | D:3      | Reached XP level 5. HP: 25/30 MP: 9/9
  2107 | D:3      | HP: 6/30 [orc/+0 falchion (6)]
  2108 | D:3      | 2108 ||| READING 3 scrolls of teleportation.
  2108 | D:3      | HP: 2/30 [white imp (3)]
  2109 | D:3      | Slain by a white imp

Levels and vault maps discovered:
D:1:      evilmike_arrival_fibonacci_small, layout_basic,
          shapermc_ecumenical_altar_mp_vishouse, minmay_surrounded
D:2:      layout_basic
D:3:      layout_basic

Skill      XL: |  1  2  3  4 |
---------------+-------------+-----
Axes           | 3 4 5 |  5.8
Fighting       | |  2.0
Throwing       | |  1.0
Armour         | |  1.1
Dodging        | |  2.1
Spellcasting   | |  2.0
Translocations | |  2.4

Action                   |  1- 3 |  4- 6 || total
-------------------------+-------+-------++-------
Melee: Hand axe          |    63 |    28 ||    91
       Kick              |    14 |     4 ||    18
       Peck              |     5 |     5 ||    10
       Punch             |     2 |       ||     2
Throw: Boomerang         |    15 |    17 ||    32
       Javelin           |    38 |    10 ||    48
  Use: Scroll            |     4 |     5 ||     9
       Potion            |       |     2 ||     2
Armor: Leather armour    |    17 |     3 ||    20
Dodge: Dodged            |    38 |    14 ||    52

Table legend:
 A = Non-vault XP
 B = Vault XP
 C = Vault XP percentage of total XP
 D = Non-vault monster count
 E = Vault monster count
 F = Vault count percentage of total count
                 A         B        C        D         E       F
            +---------+---------+-------+---------+---------+-------
      Total |     199 |       2 |   1.0 |      66 |       1 |   1.5
            +---------+---------+-------+---------+---------+-------
        D:1 |      40 |       2 |   4.8 |      27 |       1 |   3.6
        D:2 |      49 |       0 |   0.0 |      20 |       0 |   0.0
        D:3 |     110 |       0 |   0.0 |      19 |       0 |   0.0
            +---------+---------+-------+---------+---------+-------
